 Dungeon Crawl Stone Soup version 0.30-a0-883-g5ad918d (webtiles) character file.

Game seed: 85611052257698092

0 Think the Shield-Bearer (level 1, -1/16 HPs)
             Began as an Octopode Fighter on Mar 17, 2023.
             Frozen to death by an endoplasm (4 damage)
             ... on level 1 of the Dungeon.
             The game lasted 00:00:18 (20 turns).

Think the Shield-Bearer (Octopode Fighter)            Turns: 20, Time: 00:00:19

Health: -1/16      AC:  1    Str: 15    XL:     1   Next: 10%
Magic:  1/1        EV: 13    Int: 10    God:
Gold:   0          SH:  4    Dex: 11    Spells: 0/0 levels left

rFire   . . .      SeeInvis .    a - +0 long sword
rCold   . . .      Faith    .    b - +0 buckler
rNeg    . . .      Spirit   .    (helmet restricted)
rPois   .          Reflect  .    (no amulet)
rElec   .          Rampage  .    (no ring)
rCorr   .                        (no ring)
Will    .....                    (no ring)
Stlth   ++                       (no ring)
HPRegen 0.22/turn                (no ring)
MPRegen 0.07/turn                (no ring)
                                 (no ring)
                                 (no ring)

@: mighty
A: almost no armour, amphibious, 8 rings, camouflage 1, gelatinous body 1,
(nimble swimmer 1), tentacles
a: no special abilities


You were on level 1 of the Dungeon.
You visited 1 branch of the dungeon, and saw 1 of its levels.

Inventory:

Hand Weapons
 a - a +0 long sword (weapon)
Armour
 b - a +0 buckler (worn)
Potions
 d - a potion of heal wounds {unknown}


   Skills:
 - Level 3.0 Fighting
 - Level 2.0 Long Blades
 + Level 3.0 Dodging
 - Level 3.0 Shields


You couldn't memorise any spells.
You didn't know any spells.
Your spell library was empty.

Dungeon Overview and Level Annotations

Branches:
Dungeon (1/15)

Altars:


Innate Abilities, Weirdness & Mutations

You cannot wear most types of armour.
You are amphibious.
You can wear up to eight rings at the same time.
Your skin changes colour to match your surroundings (Stealth+).
Your rubbery body absorbs attacks. (AC +1, EV +1)
((You are camouflaged when in or above water. (Stealth+)))
You have tentacles for arms and can constrict up to eight enemies at once.


Message History

Found a yellow potion.
An endoplasm is nearby!
An endoplasm is nearby!
An endoplasm is nearby! 2 goblins come into view.
The goblin shouts! x2; You hear an angry hiss.
Found a stone staircase leading down.
You closely miss the goblin.
The endoplasm quivers.
Your grab misses the goblin. Your squeeze misses the goblin.
A ball python comes into view.
The goblin barely misses you.
You slash the goblin!
You kill the goblin!
The goblin hits you but does no damage.
You completely miss the goblin. Your grab misses the goblin.
The goblin hits you with a +0 dagger.
The endoplasm hits you but does no damage.
You barely miss the goblin. Your grab misses the goblin.
Your squeeze misses the goblin.
A bat comes into view.
The goblin hits you with a +0 dagger. The endoplasm freezes you.
You are frozen.
The goblin closely misses you. The endoplasm barely misses you.
The bat moves out of view.
You feel very mighty all of a sudden. The endoplasm hits you.
* * * LOW HITPOINT WARNING * * *
The goblin barely misses you.
There are monsters nearby!
Unknown command.
There are monsters nearby!
There are monsters nearby!
Unknown command.
There are monsters nearby!
You hit the goblin. Your grab misses the goblin. You squeeze the goblin.
You kill the goblin!
The endoplasm freezes you.
You are frozen.
You die...

...... #### ....# ## ...
...... .... .... ......
##.## #.## #...... ..
##...###...###.......
.[.#.....#.....#...b....
##.......#####.........
#....<....###...S......
#...........#...@J.....>
.#####.#####.....)......
#... #.....##......
#.... #...!.## #.....
..#####.....## ..... ..
#....... ##.. #.....###.
. .!..... # ...#...


You could see an endoplasm, a bat and a ball python.

Vanquished Creatures
  2 goblins (D:1)
2 creatures vanquished.

Notes
Turn   | Place    | Note
-------+----------+-------------------------------------------
     0 | D:1      | Think the Octopode Fighter began the quest for the Orb.
     0 | D:1      | Reached XP level 1. HP: 16/16 MP: 1/1
    20 | D:1      | Frozen to death by an endoplasm

Illustrated notes

Levels and vault maps discovered:
D:1:      onia_arrival_pyramid, layout_rooms, columned_hall_lemuel,
          amcnicky_mini_rare_corridor_liquid, ebering_dispersal_statue_hall

Action                     || total
---------------------------++-------
  Melee: Long sword        ||     5
         Tentacles         ||     1
    Use: Potion            ||     1
 Armour: Skin              ||     2
  Dodge: Dodged            ||     4

Table legend: (Time is in decaauts)
 A = Elapsed time spent in this place.
 B = Non-inter-level travel time spent in this place.
 C = Inter-level travel time spent in this place.
 D = Time resting spent in this place.
 E = Time spent auto-exploring this place.
 F = Levels seen in this place.
 G = Mean time per level.
                   A        B        C        D        E       F      G
               +--------+--------+--------+--------+--------+-----+--------+
         Total |     21 |     21 |      0 |      0 |      8 |   1 |   21.0 |
       Dungeon |     21 |     21 |      0 |      0 |      8 |   1 |   21.0 |
               +--------+--------+--------+--------+--------+-----+--------+

Top non-repeatable levels by time:
     D:1: 21 daAuts
